 Dungeon Crawl Stone Soup version 0.30-a0-341-g682706514a (webtiles) character file.

Game seed: 12793950316457245632

41 sanka the Caller (level 3, -2/24 HPs)
             Began as a Barachi Summoner on Nov 4, 2022.
             Slain by Natasha (3 damage)
             ... on level 2 of the Dungeon.
             The game lasted 00:02:45 (1667 turns).

sanka the Caller (Barachi Summoner)                 Turns: 1667, Time: 00:02:45

Health: -2/24      AC:  2    Str:  9    XL:     3   Next: 52%
Magic:  6/7        EV: 12    Int: 17    God:
Gold:   43         SH:  0    Dex: 12    Spells: 5/8 levels left

rFire   . . .      SeeInvis .    a - +1 short sword (elec)
rCold   . . .      Faith    .    (no shield)
rNeg    . . .      Spirit   .    f - +0 robe
rPois   .          Reflect  .    (no helmet)
rElec   .          Harm     .    (no cloak)
rCorr   .          Rampage  .    (no gloves)
Will    .....                    (no boots)
Stlth   ++........               (no amulet)
HPRegen 0.24/turn                (no ring)
MPRegen 0.10/turn                (no ring)

@: slow
A: amphibious, slowness 1, strong legs 1, +LOS
a: Hop


You were on level 2 of the Dungeon.
You visited 1 branch of the dungeon, and saw 2 of its levels.

You collected 43 gold pieces.


Innate Abilities, Weirdness & Mutations

You are amphibious.
You cover ground slowly.
You can hop short distances.
You have an extended range of vision and can be seen from far away.


   Skills:
 - Level 2.1 Dodging
 - Level 1.7 Stealth
 - Level 3.0 Spellcasting
 + Level 5.7 Summonings


You had 5 spell levels left.
You knew the following spells:

 Your Spells              Type           Power      Damage    Failure   Level
x - Call Imp              Summ           22%        N/A       2%          2
z - Summon Small Mammal   Summ           88%        N/A       1%          1

Your spell library contained the following spells:

 Spells                   Type           Power      Damage    Failure   Level
 Call Canine Familiar     Summ           22%        N/A       4%          3
 Summon Guardian Golem    Hex/Summ       12%        N/A       16%         3
 Summon Lightning Spire   Summ/Air       12%        N/A       47%         4

Inventory:

Hand Weapons
 a - a +1 short sword of electrocution (weapon)
Armour
 f - a +0 robe (worn)
Magical Staves
 c - a staff of earth
Scrolls
 d - a scroll of summoning {unknown}
 e - a scroll of fog {unknown}
 g - a scroll of teleportation {unknown}
 h - a scroll of amnesia {unknown}
 j - a scroll of enchant armour {unknown}
 k - a scroll of poison {unknown}
 l - a scroll of acquirement {unknown}
 m - a scroll of identify {unknown}
Potions
 b - a potion of magic
 i - a potion of lignification {unknown}

Dungeon Overview and Level Annotations

Branches:
Dungeon (2/15)

Altars:

Annotations:
D:2 Natasha

..▒▒▒.....▒ ▒.▒▒.▒
.>.▒▒▒▒...▒▒▒▒▒▒▒.▒▒.▒▒
..................▒...▒
..▒▒▒▒▒▒.▒▒▒▒▒▒▒▒▒▒...▒
▒.▒ ▒...▒ ▒▒S▒▒ ▒▒.▒▒
▒▒...▒▒ ▒.▒ ▒▒.....▒▒
▒▒▒.▒ ▒...F...▒ ▒.▒.▒
▒...5{5..▒ ▒...▒▒▒▒
+........▒ ▒.......
▒........▒ ▒...▒▒▒▒
▒▒.......▒ ▒....▒.▒
▒▒.....▒▒ ▒▒▒▒▒▒.▒
▒▒...▒▒ ▒.. ▒▒+▒▒ ▒..
▒..


You could see a crimson imp (summoned), a ball python and a friendly shadow imp
(summoned).


Message History

Unknown command.
You hit something but do no damage. Something claws you but does no damage.
Unknown command.
You barely miss something. Something claws you.
* * * LOW HITPOINT WARNING * * *
Unknown command.
You miss something. Something claws you.
* * * LOW HITPOINT WARNING * * *
Unknown command.
The ball python hisses angrily.
You hit something but do no damage. Something claws you.
* * * LOW HITPOINT WARNING * * *
Unknown command.
You hit something. Lightning courses through something!
You hear some strange, mumbled words.
Unknown command.
You hit something. Something claws you.
* * * LOW HITPOINT WARNING * * *
Unknown command.
You closely miss something. The crimson imp hits you.
* * * LOW HITPOINT WARNING * * *
Something claws you.
You die...

Action                   || total
-------------------------++-------
Melee: Unarmed           ||     2
       Dagger            ||    22
       Short sword       ||    40
       Punch             ||     1
 Cast: Summon Small Mamm ||    12
       Call Imp          ||    15
 Stab: Sleeping          ||     1
Armor: Robe              ||    17
Dodge: Dodged            ||    40

Levels and vault maps discovered:
D:1:      dreamdust_arrival_sigmund_warning, layout_basic, minmay_tetromino_l2
D:2:      layout_loops_corners, hellmonk_ecumenical_altar_zigzags,
          kennysheep_generic_room_14, uniq_natasha

Notes
Turn   | Place    | Note
-------+----------+-------------------------------------------
     0 | D:1      | sanka the Barachi Summoner began the quest for the Orb.
     0 | D:1      | Reached XP level 1. HP: 13/13 MP: 3/3
   103 | D:1      | Reached skill level 5 in Summonings
   162 | D:1      | Reached XP level 2. HP: 19/19 MP: 2/5
   165 | D:1      | Learned a level 2 spell: Call Imp
   702 | D:1      | HP: 1/19 [kobold/+1 short sword of electrocution (3)]
   946 | D:2      | Reached XP level 3. HP: 24/24 MP: 4/7
   947 | D:2      | Reached skill level 3 in Spellcasting
  1326 | D:2      | Found a faded altar of an unknown god.
  1653 | D:2      | Noticed Natasha
  1667 | D:2      | HP: 1/24 [crimson imp[Natasha] (2)]
  1667 | D:2      | Slain by Natasha

Vanquished Creatures
  5 endoplasms
  2 goblins (D:2)
  A hobgoblin (D:2)
  3 kobolds (D:2)
  A quokka (D:1)
  A ball python (D:1)
  A bat (D:2)
  2 frilled lizards (D:2)
  A rat (D:2)
17 creatures vanquished.

Vanquished Creatures (collateral kills)
  A dart slug (D:1)
  An endoplasm (D:1)
  2 giant cockroaches
  A goblin (D:2)
  3 hobgoblins
  4 kobolds
  A quokka (D:2)
  A ball python (D:1)
  3 bats
  A frilled lizard (D:1)
18 creatures vanquished.

Grand Total: 35 creatures vanquished
